Description

test

Replay - 2base muta build

Build Order

Get SALT Encoding   

  12  0:01  Drone  
  13  0:12  Overlord  
  13  0:17  Drone  
  14  0:30  Drone x2  
  16  0:37  Drone  
  17  0:52  Hatchery  
  17  0:55  Drone x2  
  17  0:57  Extractor  
  17  1:13  Spawning Pool  
  17  1:16  Drone x2  
  18  1:28  Drone  
  19  1:41  Overlord  
  20  2:00  Metabolic Boost  
  20  2:01  Queen x2  
  20  2:05  Zergling x4  
  30  2:34  Overlord  
  30  2:39  Queen  
  34  2:52  Lair  
  34  2:57  Overlord  
  44  3:23  Overlord  
  44  3:32  Extractor x3  
  51  3:59  Spire  
  50  4:14  Zergling x12  
  56  4:21  Baneling Nest  
  56  4:24  Hatchery  
  58  5:06  Queen  
  58  5:12  Mutalisk x6  
  72  5:20  Mutalisk  
  74  5:27  Mutalisk  
  85  5:45  Extractor x2  
Spawning Tool Build Advisor. Get it on Overwolf

Analysis

test

Go to:

Details

  • Created by: Pokebunny
  • Published on: Feb 25, 2017
  • Modified on: Feb 25, 2017
  • Patch: 3.8.0
Show
View Real Time Build Order
Export as new Build Order

Comments (0)

There are no comments. Be the first!

Create an account to comment!